 Dungeon Crawl Stone Soup version 0.29.0-13-gc9e81de378 (webtiles) character file.

Game seed: 5004869977336833983

102 ILmort the Conjurer (level 4, 0/33 HPs)
             Began as a Draconian Conjurer on Sept 10, 2022.
             Slain by an orc
             ... wielding a +0 whip
              (1 damage)
             ... on level 3 of the Dungeon.
             The game lasted 00:05:39 (2199 turns).

ILmort the Conjurer (Draconian Conjurer)            Turns: 2199, Time: 00:05:40

Health: 0/33       AC:  5    Str: 10    XL:     4   Next: 50%
Magic:  1/8        EV: 12    Int: 20    God:
Gold:   104        SH:  0    Dex:  9    Spells: 1/8 levels left

rFire   . . .      SeeInvis .   b - +2 whip (freeze)
rCold   . . .      Faith    .   (no shield)
rNeg    . . .      Spirit   .   (body armour unavailable)
rPois   .          Reflect  .   (helmet restricted)
rElec   .          Harm     .   (no cloak)
rCorr   .          Rampage  .   (no gloves)
Will    .....                   (no boots)
Stlth   ++........              (no amulet)
HPRegen 0.11/turn               (no ring)
MPRegen 0.11/turn               (no ring)

@: no status effects
A: AC +5, unfitting armour, cold-blooded
a: no special abilities


You were on level 3 of the Dungeon.
You visited 1 branch of the dungeon, and saw 3 of its levels.

You collected 104 gold pieces.

Inventory:

Hand Weapons
 b - a +2 whip of freezing (weapon)
Missiles
 d - 4 javelins (quivered)
Scrolls
 c - a scroll of poison {unknown}
 f - 3 scrolls of identify {unknown}
 g - a scroll of enchant armour {unknown}
Potions
 a - a potion of magic
 e - a potion of lignification {unknown}
 h - a potion of attraction {unknown}
 i - 2 potions of heal wounds {unknown}


   Skills:
 - Level 1.7 Dodging
 + Level 2.7 Stealth
 + Level 2.7 Spellcasting
 * Level 5.1 Conjurations


You had one spell level left.
You knew the following spells:

 Your Spells              Type           Power      Damage    Failure   Level
a - Magic Dart            Conj           92%        1d7       1%          1
b - Searing Ray           Conj           46%        2d6       2%          2
c - Fulminant Prism       Conj/Hex       6%         3d7       45%         4

Your spell library contained the following spells:

 Spells                   Type           Power      Damage    Failure   Level
 Dazzling Flash           Conj/Hex       26%        N/A       16%         3
 Call Canine Familiar     Summ           2%         N/A       41%         3
 Portal Projectile        Hex/Tloc       4%         N/A       41%         3
 Iskenderun's Mystic Bla  Conj/Tloc      13%        2d5       45%         4
 Irradiate                Conj/Tmut      6%         3d13      80%         5
 Leda's Liquefaction      Hex/Erth       1%         N/A       82%         4
 Blade Hands              Tmut           1%         N/A       99%         5
 Dragon Form              Tmut           1%         N/A       100%        7


Dungeon Overview and Level Annotations

Branches:
Dungeon (3/15)

Altars:
Elyvilon


Innate Abilities, Weirdness & Mutations

Your plain brown scales are hard. (AC +5)
You cannot fit into any form of body armour.
You are cold-blooded and may be slowed by cold attacks.


Message History

Aim: an orc priest, wielding a +0 flail and wearing a +0 leather armour (moderately wounded, 100% to hit)
The magic dart hits the orc priest.
The orc shouts!
An orc comes into view. It is wielding a +0 whip.
Casting: Magic Dart (safe; 1% risk of failure)
Aiming: Magic Dart (safe; 1% risk of failure)
Aim: an orc priest, wielding a +0 flail and wearing a +0 leather armour (heavily wounded, 100% to hit)
The magic dart hits the orc priest.
The kobold shouts!
The orc priest calls down the wrath of Beogh upon you.
Beogh smites you!
Casting: Magic Dart (safe; 1% risk of failure)
Aiming: Magic Dart (safe; 1% risk of failure)
Aim: an orc priest, wielding a +0 flail and wearing a +0 leather armour (severely wounded, 100% to hit)
The magic dart hits the orc priest but does no damage.
Casting: Magic Dart (safe; 1% risk of failure)
Aiming: Magic Dart (safe; 1% risk of failure)
Aim: an orc priest, wielding a +0 flail and wearing a +0 leather armour (severely wounded, 100% to hit)
The magic dart hits the orc priest.
Casting: Magic Dart (safe; 1% risk of failure)
Aiming: Magic Dart (safe; 1% risk of failure)
Aim: an orc priest, wielding a +0 flail and wearing a +0 leather armour (severely wounded, 100% to hit)
The magic dart hits the orc priest.
Casting: Magic Dart (safe; 1% risk of failure)
Aiming: Magic Dart (safe; 1% risk of failure)
Aim: an orc priest, wielding a +0 flail and wearing a +0 leather armour (almost dead, 100% to hit)
The magic dart hits the orc priest but does no damage.
The orc hits you from afar with a +0 trident.
The kobold throws a stone.
The stone misses you.
The orc priest invokes the aid of Beogh against you.
Beogh smites you!
The orc priest mumbles some strange prayers to Beogh against you.
Beogh smites you!
* * * LOW HITPOINT WARNING * * *
The kobold throws a stone.
The stone hits you.
* * * LOW HITPOINT WARNING * * *
The orc hits you but does no damage. The orc attacks as you move away!
The orc barely misses you. x2
The orc attacks as you move away! The orc hits you with a +0 whip.
You die...

...................(..#
o..~..........~.......#
..~~..........~~......###
........................#
......................#.#
...)...####oK........<#.#
......# ##o.....~...#.#
...... #o....~⌠.#.#.#
~.... #@.....~...#.#
K.... ##.......####.#
.... #).......####.# ....
...)..........#
..........###..#
......~~........#
.......~..#####.##
..........## #.# .....#
#.#


You could see an orc priest, 2 orcs and a kobold.

Vanquished Creatures
  Jessica (D:2)
  2 adders
  A worm (D:2)
  A dart slug (D:1)
  An orc (D:3)
  A bat (D:2)
  3 endoplasms
  2 giant cockroaches
  7 goblins
  4 hobgoblins (D:1)
  5 jackals
  2 quokkas (D:2)
  6 ball pythons
  3 frilled lizards
  6 kobolds
  5 rats
50 creatures vanquished.

Notes
Turn   | Place    | Note
-------+----------+-------------------------------------------
     0 | D:1      | ILmort the Draconian Conjurer began the quest for the Orb.
     0 | D:1      | Reached XP level 1. HP: 14/14 MP: 3/3
   443 | D:1      | Reached XP level 2. HP: 20/20 MP: 0/5
  1110 | D:2      | Reached XP level 3. HP: 26/26 MP: 0/6
  1188 | D:2      | Learned a level 2 spell: Searing Ray
  1304 | D:2      | Found a faded altar of an unknown god.
  1372 | D:2      | Noticed Jessica
  1375 | D:2      | Killed Jessica
  1376 | D:2      | Reached XP level 4. HP: 33/33 MP: 3/7
  1656 | D:2      | Reached skill level 5 in Conjurations
  1971 | D:3      | Found a white marble altar of Elyvilon.
  2016 | D:3      | Learned a level 4 spell: Fulminant Prism
  2196 | D:3      | HP: 1/33 [kobold/stone (2)]
  2199 | D:3      | Slain by an orc

Illustrated notes

Levels and vault maps discovered:
D:1:      dpeg_arrival_orchard, layout_rooms
D:2:      layout_rooms, ebering_ecumenical_altar_mist, uniq_jessica
D:3:      layout_basic, good_gods_mini_temple, grunt_ministairs_8,
          minmay_liquid_box, kennysheep_decorative_pillar, uniq_grinder

Skill      XL: |  1  2  3  4 |
---------------+-------------+-----
Stealth        | 2 |  2.7
Conjurations   | 5 |  5.1
Dodging        | |  1.7
Spellcasting   | |  2.7

Action                   |  1- 3 |  4- 6 || total
-------------------------+-------+-------++-------
Melee: Whip              |    58 |     5 ||    63
       Tailslap          |     7 |     1 ||     8
 Cast: Magic Dart        |    48 |    37 ||    85
       Searing Ray       |       |     1 ||     1
Armor: Skin              |    18 |     3 ||    21
Dodge: Dodged            |    46 |     4 ||    50
